Map: Lerilak Crest

Players

LilDicky - Winner!

  • Race: Terran Terran
  • League: Diamond

Shouse

  • Race: Zerg Zerg
  • League: Platinum

VOD

http://www.twitch.tv/tumescentpie

Description

Time

  • Played on: Dec. 10, 2015, 4:29 p.m.
  • Length: 5:13
Show
View Real Time Build Order
Export as new Build Order

LilDicky Terran - Winner!

Build Orders: Liberator Opening 

Get SALT Encoding   

  12  0:02  SCV  
  13  0:14  SCV  
  13  0:18  Supply Depot  
  14  0:26  SCV  
  15  0:33  Refinery  
  15  0:39  SCV  
  16  0:46  Barracks  
  16  0:51  SCV  
  17  1:04  SCV  
  18  1:10  Refinery  
  18  1:16  SCV  
  19  1:28  SCV  
  20  1:37  Marine  
  20  1:39  Supply Depot  
  21  1:41  Orbital Command  
  21  1:50  Factory  
  21  1:55  Marine  
  22  2:06  SCV  
  23  2:18  Marine  
  23  2:21  SCV  
  25  2:33  SCV  
  25  2:34  Armory  
  26  2:37  Starport  
  26  2:38  Factory Tech Lab  
  26  2:41  Marine  
  27  2:46  SCV  
  28  2:58  SCV  
  29  3:06  Supply Depot, Marine  
  29  3:10  SCV  
  31  3:16  Medivac  
  33  3:20  Thor  
  39  3:27  SCV  
  39  3:29  Liberator  
  39  3:30  Supply Depot  
  39  3:33  Marine  
  41  3:39  SCV  
  45  3:51  SCV  
  46  3:59  Supply Depot  
  46  4:03  SCV, Marine  
  48  4:11  Siege Tank  
  48  4:16  SCV  
  52  4:28  SCV  
  59  5:03  Command Center  
Show
View Real Time Build Order
Export as new Build Order

Shouse Zerg 

Build Orders: Hatch First 

Get SALT Encoding   

  12  0:02  Drone  
  13  0:08  Drone  
  14  0:18  Overlord  
  14  0:36  Drone x2  
  16  0:43  Drone  
  17  0:52  Drone  
  18  1:04  Drone  
  18  1:05  Hatchery  
  18  1:14  Spawning Pool  
  17  1:26  Drone x2  
  19  1:41  Drone  
  20  1:56  Drone x2  
  22  2:17  Drone  
  22  2:20  Overlord x2  
  23  2:30  Extractor  
  23  2:32  Extractor  
  21  2:41  Roach Warren  
  21  2:42  Drone x4  
  24  2:46  Queen x2  
  28  2:54  Drone  
  28  2:55  Drone  
  30  3:03  Spine Crawler  
  29  3:10  Spine Crawler  
  29  3:11  Drone x3  
  31  3:22  Queen x2  
  35  3:33  Overlord  
  35  3:36  Overlord  
  35  3:38  Drone  
  36  3:53  Zergling x2  
  37  3:56  Zergling x2  
  37  3:58  Zergling x2  
  37  4:00  Drone x3  
  42  4:22  Drone x4  
  46  4:52  Zergling x12  
  52  4:58  Spore Crawler  
  51  5:00  Spore Crawler  
Tags
 
Add a new tag
Caveats
  • Supply blocks, unpowered buildings, or Contaminate may cause inaccurate times.
  • Supply counts are checked every 10 seconds.